 Dungeon Crawl Stone Soup version 0.29-a0-1019-g84f7d21838 (webtiles) character file.

Game seed: 13325085402630936834

6755 Newt the Fighter (level 11, -23/70 (78) HPs)
             Began as a Kobold Hunter on Aug 10, 2022.
             Was a Believer of Dithmenos.
             Succumbed to Sonja's poison
             ... on level 9 of the Dungeon.
             The game lasted 00:24:30 (12290 turns).

Newt the Fighter (Kobold Hunter)                   Turns: 12290, Time: 00:24:30

HP:   -23/70 (78)   AC: 19    Str:  9    XL:     11   Next: 24%
MP:   18/18         EV: 17    Int: 11    God:    Dithmenos [**....]
Gold: 235           SH:  0    Dex: 22    Spells: 15/19 levels left

rFire   . . .      SeeInvis .   a - +4 shortbow
rCold   + + .      Faith    .   (shield currently unavailable)
rNeg    . . .      Spirit   .   v - +5 ring mail of Wariness {rElec rC++}
rPois   .          Reflect  .   q - +0 helmet
rElec   +          Harm     .   y - +2 cloak {Will+}
rCorr   .          Rampage  .   (no gloves)
Will    +++..                   o - +0 pair of boots
Stlth   ++++++....              (no amulet)
HPRegen 0.21/turn               h - +4 ring of protection
MPRegen 0.16/turn               p - ring of willpower

@: mighty, lethally poisoned (-23 -> -93), wereblooded, slowed, wreathed by
umbra, heavily drained, very slow
A: small, no large weapons, nightstalker 3, strong-willed 1, screaming 1
a: Renounce Religion, Shadow Step


You were on level 9 of the Dungeon.
You worshipped Dithmenos.
Dithmenos was pleased with you.
You visited 2 branches of the dungeon, and saw 11 of its levels.

You collected 475 gold pieces.
You spent 240 gold pieces at shops.

Inventory:

Hand Weapons
 a - a +4 shortbow (weapon)
Missiles
 s - 2 throwing nets
Armour
 c - a +0 leather armour
 e - a +3 leather armour of willpower
 j - +0 fire dragon scales
 o - a +0 pair of boots (worn)
 q - a +0 helmet (worn)
 v - the +5 ring mail of Wariness (worn) {rElec rC++}
   (You took it off an orc on level 5 of the Dungeon)

   rC:        It greatly protects you from cold.
   rElec:     It insulates you from electricity.
 y - a +2 cloak of willpower (worn)
Jewellery
 d - a ring of ice
 f - a ring of ice
 h - a +4 ring of protection (left hand)
 p - a ring of willpower (right hand)
Wands
 l - a wand of flame (36)
 w - a wand of charming (1)
Scrolls
 b - 2 scrolls of identify
 g - 2 scrolls of amnesia
 B - a scroll of teleportation
Potions
 i - 3 potions of might
 k - 3 potions of lignification
 m - 2 potions of cancellation
 n - 5 potions of attraction
 r - 2 potions of degeneration
 t - 3 potions of flight
 u - a potion of brilliance
 x - a potion of berserk rage


   Skills:
 - Level 13.0 Fighting
 * Level 8.5 Ranged Weapons
 - Level 7.2 Dodging
 - Level 7.5 Stealth
 * Level 4.7 Spellcasting
 - Level 3.2 Translocations
 * Level 3.1 Transmutations
 - Level 0.4 Evocations


You had 15 spell levels left.
You knew the following spells:

 Your Spells              Type           Power      Damage    Failure   Level
a - Wereblood             Tmut           9%         N/A       26%         2
b - Blink                 Tloc           18%        N/A       26%         2

Your spell library contained the following spells:

 Spells                   Type           Power      Damage    Failure   Level
 Beastly Appendage        Tmut           18%        N/A       17%         1
 Passwall                 Tmut/Erth      5%         N/A       43%         2
 Lesser Beckoning         Tloc           9%         N/A       45%         3
 Sandblast                Erth           4%         2d4       52%         1
 Ensorcelled Hibernation  Hex/Ice        4%         N/A       67%         2
 Spider Form              Tmut/Pois      6%         N/A       67%         3
 Stone Arrow              Conj/Erth      4%         3d7       88%         3
 Swiftness                Air            2%         N/A       88%         3
 Corpse Rot               Necr/Pois/Air  2%         N/A       99%         4
 Dispel Undead            Necr           2%         3d7       99%         4
 Summon Ice Beast         Ice/Summ       2%         N/A       99%         4
 Manifold Assault         Tloc           9%         N/A       99%         5
 Freezing Cloud           Conj/Ice/Air   1%         6-21      100%        5
 Summon Mana Viper        Hex/Summ       2%         N/A       100%        5
 Death Channel            Necr           1%         N/A       100%        6
 Simulacrum               Ice/Necr       1%         N/A       100%        6
 Monstrous Menagerie      Summ           1%         N/A       100%        7
 Polar Vortex             Ice            1%         N/A       100%        9


Dungeon Overview and Level Annotations

Branches:
Dungeon (10/15)            Temple (1/1) D:5            Lair (0/5) D:9
    Orc: D:9-12

Altars:
Ashenzari
Cheibriados
Dithmenos
Elyvilon
Fedhas
Gozag
Hepliaklqana
Kikubaaqudgha
Makhleb
Nemelex Xobeh
Okawaru
Qazlal
Ru
Sif Muna
Trog
Uskayaw
Vehumet
Wu Jian
Xom
Yredelemnul
Zin
The Shining One

Shops:
D:5 *   D:7 *   D:8 [

Annotations:
D:4 Prince Ribbit
D:9 Sonja


Innate Abilities, Weirdness & Mutations

You are small and have problems with some larger weapons.
You are completely attuned to the shadows.
You are strong-willed. (Will+)
You occasionally shout uncontrollably at your foes.


Message History

Sonja hits you with a +1 short sword of venom.
Sonja hits you but does no damage.
You are lethally poisoned!
Sonja hits you but does no damage.
Sonja hits you with a +1 short sword of venom.
You are more poisoned.
Sonja hits you but does no damage.
You are more poisoned.
Sonja barely misses you. Sonja hits you but does no damage.
You are more poisoned.
Sonja closely misses you.
You are confused.
You feel invigorated.
* * * LOW HITPOINT WARNING * * *
You feel extremely sick.
Sonja says, "I'm academy-trained, you know."
Sonja hits you but does no damage.
You are more poisoned.
Sonja misses you. Sonja hits you but does no damage. Sonja barely misses you.
Sonja closely misses you. Sonja hits you but does no damage.
You are more poisoned.
Unknown command.
You shoot an arrow.
You feel less invigorated.
You feel less confused.
* * * LOW HITPOINT WARNING * * *
You feel extremely sick. Sonja hits you but does no damage.
You are more poisoned.
Sonja hits you but does no damage.
You are more poisoned.
Sonja closely misses you. Sonja barely misses you. Sonja closely misses you.
Sonja hits you but does no damage. Sonja completely misses you.
Sonja hits you but does no damage.
You are more poisoned.
Sonja barely misses you.
Fire: a) +4 shortbow
Press: ? - help, Shift-Dir - straight line, f/p - Sonja
Aim: Sonja, wielding a +1 short sword of venom and quivering curare-tipped darts (heavily wounded, umbra, 43% to hit)
You shoot an arrow. The arrow misses Sonja.
You die...

.....#
####'####
.....#
#.......#
.....#
######.......#
.....#
#....'.......#
.....#
#.####.......#
.....###.#
#.......#
.........#
#.......#
.....#####
#...K...#
..[..#
#...@...#
.....#
#########
######


You could see Sonja.

Vanquished Creatures
  Pikel (D:7)
  Joseph (D:7)
  A hornet (D:9)
  3 wyverns
  5 yaks
  Eustachio (D:5)
  A steam dragon (D:8)
  Menkaure (D:7)
  A water moccasin (D:7)
  2 sky beasts
  4 orc warriors
  3 centaurs
  2 lemures (D:7)
  A phantom (D:6)
  2 kobold brigands (D:8)
  A gnoll sergeant (D:6)
  2 necrophages (D:5)
  2 scorpions
  5 bullfrogs
  21 wights
  9 killer bees
  A howler monkey (D:8)
  2 hounds
  A jelly (D:8)
  8 orc priests
  2 iguanas
  Ijyb (D:3)
  6 orc wizards
  Terence (D:3)
  12 gnolls
  8 adders
  A white imp (D:5)
  3 ufetubi (D:5)
  A worm (D:2)
  2 dart slugs
  33 orcs
  6 bats
  3 endoplasms
  4 giant cockroaches
  13 goblins
  5 hobgoblins
  7 jackals
  3 quokkas
  4 ball pythons
  4 frilled lizards
  10 kobolds
  2 rats (D:1)
212 creatures vanquished.

Vanquished Creatures (collateral kills)
  An iguana (D:7)
1 creature vanquished.

Vanquished Creatures (others)
  A yak (D:9)
  2 wights (D:7)
  An orc wizard (D:7)
  4 plants (D:6)
8 creatures vanquished.

Grand Total: 221 creatures vanquished

Notes
Turn   | Place    | Note
-------+----------+-------------------------------------------
     0 | D:1      | Newt the Kobold Hunter began the quest for the Orb.
     0 | D:1      | Reached XP level 1. HP: 12/12 MP: 1/1
    43 | D:1      | Found a faded altar of an unknown god.
   212 | D:1      | Reached XP level 2. HP: 17/17 MP: 2/2
   631 | D:1      | Reached XP level 3. HP: 17/21 MP: 3/3
  1479 | D:2      | Gained mutation: You occasionally shout uncontrollably at
                  | your foes. [potion of mutation]
  1479 | D:2      | Gained mutation: You are strong-willed. (Will+) [potion of
                  | mutation]
  1612 | D:2      | Reached XP level 4. HP: 26/26 MP: 4/4
  2141 | D:3      | Noticed Ijyb
  2148 | D:3      | Killed Ijyb
  2621 | D:3      | Found a broken altar of Ashenzari.
  2728 | D:3      | Reached XP level 5. HP: 30/30 MP: 5/5
  2754 | D:3      | Noticed Terence
  2760 | D:3      | Killed Terence
  2848 | D:3      | Found a radiant altar of Vehumet.
  3010 | D:3      | Found a sparkling altar of Nemelex Xobeh.
  3611 | D:4      | Reached XP level 6. HP: 30/36 MP: 6/6
  3775 | D:4      | Reached skill level 3 in Fighting
  3868 | D:4      | Found a sacrificial altar of Ru.
  4498 | D:5      | Entered Level 5 of the Dungeon
  4499 | D:5      | Noticed Prince Ribbit
  5109 | D:5      | Found Gicykheint's Elemental Accessories.
  5120 | D:5      | Identified the +5 ring mail of Wariness {rElec rC++}
  5122 | D:5      | Noticed Eustachio
  5157 | D:5      | Reached skill level 4 in Fighting
  5157 | D:5      | Reached XP level 7. HP: 43/43 MP: 7/7
  5181 | D:5      | Found a white marble altar of Elyvilon.
  5210 | D:5      | Found an opulent altar of Gozag.
  5255 | D:5      | Reached skill level 5 in Fighting
  5518 | D:5      | Found an ornate altar of the Wu Jian Council.
  5587 | D:5      | Found a staircase to the Ecumenical Temple.
  5592 | Temple   | Entered the Ecumenical Temple
  5992 | D:5      | Killed Eustachio
  5993 | D:5      | Reached XP level 8. HP: 38/51 MP: 8/8
  5999 | D:5      | Reached skill level 6 in Fighting
  6359 | D:5      | Reached skill level 5 in Dodging
  6633 | D:6      | Found a stormy altar of Qazlal.
  6636 | D:6      | Found a shadowy altar of Dithmenos.
  6637 | D:6      | Found a glowing golden altar of the Shining One.
  6637 | D:6      | Found a bloodstained altar of Trog.
  6640 | D:6      | Became a worshipper of Dithmenos the Shadowed
  7214 | D:6      | Reached skill level 7 in Fighting
  7359 | D:6      | Found a hazy altar of Hepliaklqana.
  7697 | D:6      | Noticed a cyclops
  7763 | D:7      | Reached XP level 9. HP: 59/59 MP: 9/9
  7783 | D:7      | Found Cuqoblocra's Overcharged Wands.
  7863 | D:7      | Noticed Pikel
  7864 | D:7      | Reached skill level 8 in Fighting
  7864 | D:7      | Reached skill level 5 in Stealth
  7893 | D:7      | Killed Pikel
  7894 | D:7      | Reached skill level 9 in Fighting
  8085 | D:7      | Reached skill level 1 in Spellcasting
  8085 | D:7      | Reached skill level 1 in Translocations
  8393 | D:7      | Noticed Joseph
  8642 | D:7      | Killed Joseph
  8643 | D:7      | Reached skill level 10 in Fighting
  8643 | D:7      | Reached XP level 10. HP: 32/68 MP: 11/13
  8984 | D:7      | Noticed Menkaure
  8989 | D:7      | Killed Menkaure
  9248 | D:8      | Found a blossoming altar of Fedhas.
  9376 | D:8      | Reached skill level 11 in Fighting
  9488 | D:8      | Found Tyallyof's Antique Armour Shop.
  9493 | D:8      | Bought a glowing cloak for 240 gold pieces
  9598 | D:8      | Reached * piety under Dithmenos
  9674 | D:8      | Reached skill level 1 in Transmutations
 10311 | D:9      | Reached skill level 12 in Fighting
 10314 | D:9      | Learned a level 2 spell: Wereblood
 10611 | D:9      | Reached ** piety under Dithmenos
 10627 | D:9      | Found a staircase to the Lair.
 10677 | D:9      | Reached XP level 11. HP: 56/76 MP: 17/17
 11399 | D:10     | Entered Level 10 of the Dungeon
 11400 | D:10     | Noticed a manticore
 11417 | D:9      | Reached skill level 13 in Fighting
 11591 | D:10     | Learned a level 2 spell: Blink
 12273 | D:10     | Noticed Sonja
 12290 | D:9      | Succumbed to Sonja's poison

Illustrated notes

Levels and vault maps discovered:
D:1:      nzn_arrival_crosshair, layout_loops_corners,
          chequers_ecumenical_altar_simple_redux, dreamdust_wishing_well,
          chequers_serial_rivers_room_a, minmay_misc_feat_iff
D:2:      layout_loops_ring, serial_glass, glass_columns_a, glass_columns_a,
          item_on_display_b, minmay_strange_pillars, feat_on_display,
          item_on_display_a
D:3:      layout_loops_ring, lemuel_doored_altar,
          mainiacjoe_overflow_tiny_flanked, mainiacjoe_overflow_catwalk,
          uniq_terence, uniq_ijyb
D:4:      layout_basic, nicolae_ru_sacrificial_ziggurat
D:5:      layout_rooms, grunt_gozag_statues,
          mainiacjoe_overflow_six_doors_small, nicolae_wu_jian_wuxing_cycle,
          minmay_temple_entry_grid, nicolae_elemental_shop,
          minmay_misc_feat_diagonals, uniq_prince_ribbit1, uniq_eustachio
D:6:      layout_basic, nicolae_hepliaklqana_hazy_memory,
          mainiacjoe_overflow_alcove_3, minmay_fountain_box
D:7:      layout_basic, nicolae_shop_overcharged_wands, uniq_pikel, uniq_joseph,
          uniq_menkaure
D:8:      minmay_bubble_buster, layout_basic, mainiacjoe_overflow_boulevard,
          serial_shops, shop_fountains
D:9:      layout_roguey, lair_entry_dummy, st_stairs_14
D:10:     layout_rooms, david_orc_5, ebering_ghost_xom, grunt_ministairs_8,
          uniq_sonja
Temple:   grunt_temple_mini_profane

Skill      XL: |  1  2  3  4  5  6  7  8  9 10 11 |
---------------+----------------------------------+-----
Ranged Weapons | 6 7 8 |  8.5
Stealth        | 2 3 4 6 7 |  7.5
Fighting       | 4 5 7 10 12 13 | 13.0
Dodging        | 3 4 6 7 |  7.2
Spellcasting   | 2 4 |  4.7
Translocations | 2 3 |  3.2
Transmutations | 2 3 |  3.1
Evocations     | |  0.4

Action                   |  1- 3 |  4- 6 |  7- 9 | 10-12 || total
-------------------------+-------+-------+-------+-------++-------
 Fire: Shortbow          |    93 |   202 |   211 |   293 ||   799
 Cast: Wereblood         |       |       |       |     2 ||     2
Evoke: Wand              |       |       |    19 |     9 ||    28
  Use: Scroll            |     5 |    11 |     8 |     6 ||    30
       Potion            |     1 |     3 |     3 |     5 ||    12
Armor: Leather armour    |    14 |    36 |     5 |       ||    55
       Ring mail         |       |       |    65 |   109 ||   174
Dodge: Dodged            |    40 |   112 |   144 |   286 ||   582

Table legend: (Time is in decaauts)
 A = Elapsed time spent in this place.
 B = Non-inter-level travel time spent in this place.
 C = Inter-level travel time spent in this place.
 D = Time resting spent in this place.
 E = Time spent auto-exploring this place.
 F = Levels seen in this place.
 G = Mean time per level.
                   A        B        C        D        E       F      G
               +--------+--------+--------+--------+--------+-----+--------+
         Total |  12478 |  11664 |    814 |   3057 |   6964 |  11 | 1134.4 |
       Dungeon |  12120 |  11447 |    673 |   3057 |   6753 |  10 | 1212.0 |
        Temple |    357 |    216 |    141 |      0 |    211 |   1 |  357.0 |
               +--------+--------+--------+--------+--------+-----+--------+

Top non-repeatable levels by time:
     D:9: 2083 daAuts
     D:5: 1894 daAuts
     D:4: 1493 daAuts
     D:7: 1338 daAuts
     D:3: 1240 daAuts
     D:1: 1237 daAuts
     D:8: 1074 daAuts
     D:2: 927 daAuts
     D:6: 809 daAuts
  Temple: 357 daAuts
    D:10: 20 daAuts
